 Dungeon Crawl Stone Soup version 0.29-a0-297-g7659ce593d (webtiles) character file.

Game seed: 4971333328875059320

100 Leibowitz the Skirmisher (level 4, 0/35 HPs)
             Began as a Demonspawn Fighter on Mar 22, 2022.
             Killed by divine providence
             ... invoked by an orc priest
              (12 damage)
             ... on level 3 of the Dungeon.
             The game lasted 00:08:15 (2333 turns).

Leibowitz the Skirmisher (Demonspawn Fighter)       Turns: 2333, Time: 00:08:15

Health: 0/35       AC:  5    Str: 19    XL:     4   Next: 47%
Magic:  4/4        EV: 11    Int:  9    God:
Gold:   174        SH:  4    Dex: 12    Spells: 3/3 levels left

rFire   . . .      SeeInvis .   a - +0 long sword
rCold   . . .      Faith    .   c - +0 buckler
rNeg    . . .      Spirit   .   t - +1 leather armour {rPois}
rPois   +          Reflect  .   (no helmet)
rElec   .          Harm     .   (no cloak)
rCorr   .          Rampage  .   s - +0 pair of gloves
Will    .....                   (no boots)
Stlth   +.........              (no amulet)
HPRegen 0.11/turn               (no ring)
MPRegen 0.09/turn               (no ring)

@: no status effects
A: foul stench 1, powered by death 1
a: no special abilities


You were on level 3 of the Dungeon.
You visited 1 branch of the dungeon, and saw 3 of its levels.

You collected 174 gold pieces.

Inventory:

Hand Weapons
 a - a +0 long sword (weapon)
Armour
 c - a +0 buckler (worn)
 s - a +0 pair of gloves (worn)
 t - a +1 leather armour of poison resistance (worn)
Wands
 g - a wand of flame (23)
 o - a wand of charming (9)
Scrolls
 e - a scroll of magic mapping {unknown}
 f - 2 scrolls of teleportation {unknown}
 h - a scroll of vulnerability {unknown}
 i - 5 scrolls of identify {unknown}
 j - a scroll of silence {unknown}
 k - a scroll of acquirement {unknown}
 p - 3 scrolls of amnesia {unknown}
Potions
 d - a potion of might
 l - a potion of resistance {unknown}
 m - a potion of magic {unknown}
 n - a potion of heal wounds {unknown}
 q - 2 potions of degeneration {unknown}
 r - a potion of curing {unknown}


   Skills:
 * Level 3.4 Fighting
 * Level 2.6 Long Blades
 * Level 3.4 Armour
 * Level 0.9 Dodging
 * Level 3.1 Shields


You had 3 spell levels left.
You didn't know any spells.
Your spell library contained the following spells:

 Spells                   Type           Power      Damage    Failure   Level
 Gell's Gravitas          Tloc           0%         N/A       88%         3
 Lesser Beckoning         Tloc           0%         N/A       88%         3
 Teleport Other           Tloc           0%         N/A       88%         3


Dungeon Overview and Level Annotations

Branches:
Dungeon (3/15)

Altars:

Shops:
D:2 *=*


Innate Abilities, Weirdness & Mutations

You may rarely emit foul miasma when damaged in melee.
You regenerate a little health from kills.


Message History

The orc wizard points at you and mumbles some strange words.
You are confused.
The orc priest miscasts a cantrip.
An orc comes into view. It is wielding a +0 hand axe.
You hear a shout!
You bump into the rock wall.
You bump into the rock wall.
You bump into the rock wall.
You feel less confused. You block the orc's attack.
You barely miss the orc. The orc hits you with a +0 hand axe.
You closely miss the orc. You block the orc's attack.
You hit the orc.
The orc is almost dead.
The orc wizard casts a spell.
The orc wizard flickers and vanishes!
Deactivating autopickup; reactivate with Ctrl-A.
The orc hits you with a +0 hand axe.
You emit a cloud of foul miasma!
The orc is engulfed in dark miasma.
The orc is poisoned.
You kill the orc!
A magic dart appears from out of thin air!
The magic dart hits you!
An orc comes into view. It is wielding a +0 short sword.
The orc priest looks encouraged for a moment.
There is a stone staircase leading down here.
You see here a frilled lizard corpse.
A magic dart appears from out of thin air!
The magic dart hits you.
There is an open door here.
As you close the door, it creaks loudly!
You start resting.
Something tries to affect you, but you resist.
You start resting.
An orc priest is nearby!
An orc opens the door.
A magic dart appears from out of thin air!
The magic dart hits you.
The orc priest invokes the aid of Beogh against you.
Beogh smites you!
You die...

##.##
#..####+##
##.#.....#
#.#.....#
#.#.....#
#.......#
##......#
#......#
#..{.@.#
##o##'##
#.##o# #..#.#
#####.#.####.#
.......†.....#
.♣####..######
#..# ##.#


You could see an orc priest and an orc.

Vanquished Creatures
  Jessica (D:2)
  4 adders
  An orc (D:3)
  2 endoplasms (D:1)
  2 giant cockroaches
  3 goblins (D:1)
  4 hobgoblins
  A jackal (D:2)
  A ball python (D:2)
  4 bats
  8 frilled lizards
  3 kobolds
  6 rats
40 creatures vanquished.

Notes
Turn   | Place    | Note
-------+----------+-------------------------------------------
     0 | D:1      | Leibowitz the Demonspawn Fighter began the quest for the
                  | Orb.
     0 | D:1      | Reached XP level 1. HP: 18/18 MP: 1/1
   227 | D:1      | Gained mutation: You regenerate a little health from kills.
                  | [demonic ancestry]
   227 | D:1      | Reached XP level 2. HP: 24/24 MP: 2/2
   495 | D:1      | Found a faded altar of an unknown god.
   847 | D:2      | Found Raddepp's Assorted Antiques.
   871 | D:2      | Found Bainair's Jewellery Emporium.
   940 | D:2      | Noticed Jessica
   945 | D:2      | HP: 1/36 [Jessica/+0 club (2)]
   946 | D:2      | Killed Jessica
   947 | D:2      | Gained mutation: You may rarely emit foul miasma when
                  | damaged in melee. [demonic ancestry]
   947 | D:2      | Reached XP level 3. HP: 2/29 MP: 3/3
  1251 | D:2      | Found Ydastepn's Assorted Antiques.
  1599 | D:2      | Reached XP level 4. HP: 34/35 MP: 4/4
  2333 | D:3      | Killed from afar by an orc priest

Illustrated notes

Levels and vault maps discovered:
D:1:      sevenhm_arrival_forest_fort_large_4, layout_basic,
          chequers_ecumenical_altar_grove
D:2:      minmay_razor_zed, layout_loops_ring, serial_shops, shop,
          nicolae_shop_trees, shop_fountains, kennysheep_generic_room_16,
          uniq_jessica
D:3:      cheibrodos_greedy_goblins, layout_basic, lemuel_crystal_altar,
          serial_forest, infiniplex_forest_clump_medium,
          infiniplex_forest_clump_medium, infiniplex_forest_diagonal,
          infiniplex_forest_straight_2, infiniplex_forest_end_3,
          uniq_crazy_yiuf_cottage, uniq_ijyb

Skill      XL: |  1  2 |
---------------+-------+-----
Long Blades    | 2 |  2.6
Armour         | 3 |  3.4
Shields        | 3 |  3.1
Fighting       | |  3.4
Dodging        | |  0.9

Action                   |  1- 3 |  4- 6 || total
-------------------------+-------+-------++-------
Melee: Long sword        |    86 |    64 ||   150
Evoke: Wand              |       |     2 ||     2
  Use: Potion            |     1 |       ||     1
Armor: Scale mail        |    49 |    29 ||    78
       Leather armour    |       |     9 ||     9
Dodge: Dodged            |    49 |    39 ||    88
Block: Buckler           |    17 |    15 ||    32

Table legend: (Time is in decaauts)
 A = Elapsed time spent in this place.
 B = Non-inter-level travel time spent in this place.
 C = Inter-level travel time spent in this place.
 D = Time resting spent in this place.
 E = Time spent auto-exploring this place.
 F = Levels seen in this place.
 G = Mean time per level.
                   A        B        C        D        E       F      G
               +--------+--------+--------+--------+--------+-----+--------+
         Total |   2390 |   2340 |     50 |    167 |   1715 |   3 |  796.7 |
       Dungeon |   2390 |   2340 |     50 |    167 |   1715 |   3 |  796.7 |
               +--------+--------+--------+--------+--------+-----+--------+

Top non-repeatable levels by time:
     D:2: 1279 daAuts
     D:1: 831 daAuts
     D:3: 280 daAuts
